[Event "Biel Challengers Blitz 2024"]
[White "Bjerre,Jonas Buhl"]
[Black "Samunenkov,Ihor"]
[Site "Biel"]
[Round "5.1"]
[Annotator "TA"]
[Result "1-0"]
[Date "2024.07.21"]
[WhiteElo "2653"]
[BlackElo "2532"]
[PlyCount "112"]
[TimeControl "180+2"]

1. e4 e5 2. Nf3 Nf6 3. Nxe5 d6 4. Nf3 Nxe4 5. d4 d5 6. Bd3 Bd6 7. O-O O-O 8. c4 c6 9. Nc3 Nxc3 10. bxc3 dxc4 11. Bxc4 Bf5 12. Bg5 Qa5 13. Nh4 Be6 14. Bxe6 {[%emt 0:0:2] [#] Threatens to win with Bf5. The position is equal.} Qxg5 15. Nf3 Qa5 16. Bb3 Nd7 17. Qd3 Nf6 18. g3 g6 19. h4 Kg7 20. Kg2 Qf5 (20... c5 {is more complex.} 21. Rfe1 Rae8 22. Ng5 Rxe1 23. Rxe1 cxd4 24. Qxd4 Bc5 )21. Qxf5 gxf5 22. Nd2 (22. h5 $14 {might be stronger.} )Rae8 23. Nc4 Bc7 24. Ne3 {[%emt 0:0:2] Against Nd5} f4 25. gxf4 (25. Nf5+ $14 Kh8 26. Rad1 )Ne4 26. Rac1 Bxf4 27. Rg1 Kh8 28. Kf3 Bh6 29. Rc2 f5 30. Nc4 Bg7 31. a4 (31. Kg2 {simplifies} Re7 32. Nd2 Bf6 33. Nxe4 Rxe4 34. h5 )b6 32. Ba2 Re7 33. Bb1 b5 34. Ne3 (34. axb5 $11 cxb5 35. Ne3 )Bh6 (34... bxa4 $17 35. Ba2 c5 )35. axb5 $11 {[%emt 0:0:14] [#]} Nxf2 36. Nc4 (36. bxc6 {with more complications.} Nh3 37. Re1 f4 38. Kg2 )cxb5 {[%emt 0:0:7] Strongly threatening ...Nh3.} 37. Ne5 (37. Kxf2 $11 bxc4 38. Re1 )Ng4 38. Re2 ({Better is} 38. Re1 $15 Rg7 39. Rb2 )Nxe5+ (38... Rc7 $17 39. c4 bxc4 )39. dxe5 Bg7 ({Black should play} 39... Rc7 $17 40. Rd1 Rxc3+ 41. Rd3 Rc4 )40. Rge1 Rc8 41. Bxf5 ({White should try} 41. Kf4 $15 )Rxc3+ $17 42. Kf4 Rc4+ 43. Kg5 Bf8 (43... a5 $17 44. e6 b4 )44. Kf6 Rcc7 (44... Rc6+ $17 45. Kg5 Rg7+ 46. Kh5 Rf7 )45. e6 $11 Bg7+ 46. Kg5 b4 47. Rd1 $1 Rc8 {[%emt 0:0:1] Prevents Rd8+.} 48. Rd7 Rce8 (48... Rf8 $1 $11 )49. Bc2 {[%emt 0:0:4] White is much more active.} (49. Ra2 $14 )Bc3 50. Bb3 {[%emt 0:0:2][%mdl 1024] aiming for h5. White has compensation.} Rg8+ 51. Kf5 Rf8+ 52. Ke4 Rfe8 53. Kd5 Kg7 {[%emt 0:0:2] White must now prevent ...Rxd7+.} 54. Rg2+ Kh6 $1 55. Kd6 Bf6 (55... Be5+ $5 56. Kc5 (56. Kc6 a5 $11 )a5 $11 )56. Rf2 Rxd7+ {[%emt 0:0:4] Weighted Error Value: White=0.21 (precise) /Black=0.21 (precise) .  Mistake:       	White=7     	Black=8      Inaccurate:     	White=6     	Black=7      OK:         	White=15    	Black=15     Best:        	White=1     	Black=1      Strong:       	White=1     	Black=1} (56... Be5+ $14 57. Kd5 Rxe6 )1-0

[Event "Biel Challengers Blitz 2024"]
[White "Maurizzi,Marc`Andria"]
[Black "Donchenko,Alexander"]
[Site "Biel"]
[Round "5.2"]
[Annotator "TA"]
[Result "1-0"]
[Date "2024.07.21"]
[WhiteElo "2610"]
[BlackElo "2639"]
[PlyCount "79"]
[TimeControl "180+2"]

1. Nf3 Nf6 2. d4 g6 3. g3 b6 4. Bg2 Bb7 5. O-O Bg7 6. c4 O-O 7. Re1 e6 8. Nc3 Ne4 9. Bd2 {[%emt 0:0:2] The position is equal.} d6 10. e3 Nd7 11. Qc2 Nxd2 12. Qxd2 (12. Nxd2 {simplifies} c6 13. b4 Qc7 14. a4 )e5 (12... Qe7 $11 )13. Nxe5 $1 $16 Nxe5 (13... Bxg2 $16 {might work better.} 14. Nxd7 Qxd7 15. Kxg2 Qc6+ 16. Nd5 Qxc4 17. Ne7+ Kh8 )14. Bxb7 $18 Nxc4 {[%emt 0:0:1] Black is weak on the light squares} 15. Qe2 Rb8 16. Bg2 b5 17. b3 Na3 18. Rac1 {[%emt 0:0:1] White is more active.} c5 19. dxc5 dxc5 20. Red1 $36 {[%emt 0:0:0][%mdl 2048] Black is under strong pressure.} Qg5 (20... Qe8 $142 )21. Ne4 Qe7 22. Nxc5 {[%emt 0:0:9] [#] Nd7 is the strong threat.} Rfc8 23. Ne4 a5 24. h4 h5 (24... Rxc1 $16 {was called for.} 25. Rxc1 Rd8 )25. Qf3 b4 (25... Rc2 $142 26. Rxc2 Nxc2 )26. Bf1 Rxc1 27. Rxc1 Re8 (27... Rd8 $142 28. Rc6 Bc3 29. Nxc3 bxc3 30. Rxc3 Nb1 )28. Bd3 Rd8 29. Bf1 (29. Be2 $142 )Re8 $1 30. Ng5 Bf6 31. Nh3 Bb2 (31... Kg7 {was worth a try.} 32. Nf4 Rd8 )32. Rc6 Nb1 (32... Qe4 $142 33. Qxe4 Rxe4 )33. Qd5 Kg7 34. Bd3 (34. Qxa5 Be5 35. Qc5 Nd2 )(34. Nf4 $18 {has better winning chances.} )Nc3 $2 {[%emt 0:0:1] Black cannot hold the game after this.} (34... Rd8 $16 35. Qb5 Nc3 )35. Qd4+ (35. Qxa5 Qd7 36. Qa6 Qxh3 $11 )Kg8 $2 (35... Qe5 36. Qc4 Re6 )36. Qc4 {[%emt 0:0:1] aiming for Ng5.} ({Don't blunder} 36. Bc4 $2 Ne2+ (36... Nxa2 $2 {is the wrong capture.} 37. Qxb2 Qe5 38. Qxa2 $18 )37. Kh2 Bxd4 $19 )Kg7 37. Nf4 Qe5 {[%emt 0:0:3] [#]} 38. Bxg6 $1 fxg6 (38... Qe7 39. Nxh5+ )39. Rxg6+ Kh8 40. Qf7 {[%emt 0:0:1] Weighted Error Value: White=0.31/Black=0.59.  Loses game:     	---       	Black=1      Missed win:     	White=1     	---        Mistake:       	White=1     	Black=9      Inaccurate:     	White=2     	Black=3      OK:         	White=7     	Black=7      Best:        	White=2     	Black=1      Strong:       	White=1     	Black=1} 1-0

[Event "Biel Challengers Blitz 2024"]
[White "Vaishali,Rameshbabu"]
[Black "Salem,A.R. Saleh"]
[Site "Biel"]
[Round "5.3"]
[Annotator "TA"]
[Result "0-1"]
[Date "2024.07.21"]
[WhiteElo "2489"]
[BlackElo "2638"]
[PlyCount "67"]
[TimeControl "180+2"]

1. Nf3 Nf6 2. g3 d5 3. Bg2 c5 4. O-O e6 5. c4 d4 6. e3 Nc6 7. exd4 cxd4 8. d3 Bd6 9. a3 a5 10. Bg5 h6 {[%emt 0:0:1] The position is equal.} 11. Bxf6 Qxf6 12. Nbd2 Qe7 13. Re1 O-O 14. Nb3 Qf6 ({Much weaker is} 14... e5 $6 15. Nfxd4 Nxd4 16. Nxd4 $16 )15. c5 Bc7 16. Qc2 Rd8 17. Nbd2 a4 18. b4 axb3 19. Nxb3 e5 20. Nfd2 Bf5 21. Nc4 Ra7 22. Nbd2 Qe7 23. Nb3 Qf6 24. Reb1 Qg6 25. Nc1 h5 26. Rb3 h4 27. Ne2 (27. Rab1 $11 {remains equal.} )h3 $36 {[%emt 0:0:2][%mdl 2048] Black is really pushing.} 28. Bf1 {[%emt 0:0:13] Now White is beyond hope.} (28. Bh1 $17 )e4 $19 29. dxe4 (29. Rd1 {was called for.} )Bxe4 30. Qd2 (30. Qc1 $142 d3 31. Nf4 Bxf4 (31... d2 $2 32. Qxd2 Qf6 33. Qe2 $19 )32. Qxf4 )d3 31. Nf4 Qf6 32. Rd1 (32. Qe3 $142 Nd4 (32... Qxa1 $2 33. Qxe4 Bxf4 34. gxf4 $19 )33. Qxe4 Nxb3 34. Rd1 Nxc5 35. Qe3 )Nd4 {[%emt 0:0:2] [#] ( -> ...Nf3+)} 33. Rxd3 Nf3+ 34. Rxf3 {[%emt 0:0:3] Weighted Error Value: White=0.57/Black=0.04 (flawless) .  Mistake:       	White=5     	---        Inaccurate:     	White=2     	Black=1      OK:         	White=11    	Black=14     Best:        	---       	Black=1} 0-1

[Event "Biel Challengers Blitz 2024"]
[White "Samunenkov,Ihor"]
[Black "Salem,A.R. Saleh"]
[Site "Biel"]
[Round "6.1"]
[Annotator "RC"]
[Result "1/2-1/2"]
[Date "2024.07.21"]
[WhiteElo "2532"]
[BlackElo "2638"]
[PlyCount "70"]
[TimeControl "180+2"]

1. d4 Nf6 2. Nf3 g6 3. Nbd2 d5 4. b4 Bg7 5. e3 a5 6. b5 c5 7. bxc6 Nxc6 8. Be2 O-O 9. O-O Bf5 10. c4 Nb4 11. Qb3 dxc4 12. Bxc4 Bc2 13. Qb2 b5 14. Bxb5 Rb8 15. a4 Nfd5 16. Ra3 Qc7 17. Ne1 e5 18. Ndf3 exd4 19. Nxd4 Rfc8 20. Nexc2 Nxc2 21. Qxc2 Qxc2 22. Nxc2 Rxc2 23. Rd3 Nc3 24. Ba3 Bf6 25. Bd6 Rc8 26. Ba6 Rc6 27. Bb5 Rc8 28. Ba6 Rc6 29. Bb5 Nxb5 30. axb5 Rb6 31. Rd5 Rb2 32. g3 R6xb5 33. Rxb5 Rxb5 34. Rc1 Kg7 35. Rc8 h5 1/2-1/2

[Event "Biel Challengers Blitz 2024"]
[White "Vaishali,Rameshbabu"]
[Black "Donchenko,Alexander"]
[Site "Biel"]
[Round "6.2"]
[Annotator "TA"]
[Result "1/2-1/2"]
[Date "2024.07.21"]
[WhiteElo "2489"]
[BlackElo "2639"]
[PlyCount "147"]
[TimeControl "180+2"]

1. d4 Nf6 2. Nf3 g6 3. Nc3 d5 4. Bf4 Bg7 5. Nb5 Na6 6. e3 O-O 7. Ne5 Ne4 8. Be2 (8. f3 $11 {keeps the balance.} Nd6 9. Nc3 )c6 9. Nc3 Nxc3 (9... f6 $1 $17 10. Nf3 e5 )10. bxc3 $11 Qa5 11. O-O Qxc3 12. Rb1 Qa5 13. c4 f6 14. Nf3 Qd8 15. Qb3 e6 16. cxd5 cxd5 17. Rfc1 Rf7 18. Bxa6 bxa6 19. Ne1 Bd7 20. Nd3 Bb5 21. Nc5 e5 {[%emt 0:0:9] And now ...Bc4 would win.} 22. Bg3 Bc4 23. Qb2 Qe8 24. Qc3 Bxa2 25. Ra1 Bc4 26. Nxa6 exd4 27. exd4 Bh6 {[%emt 0:0:10][%cal Oc4a6] ...Bxa6! would now be deadly. A strong pair of Bishops.} 28. Re1 Qc6 29. Nb4 ({White should try} 29. Nc5 $11 )Qb5 (29... Qb7 $15 )30. Na6 Qc6 {[%emt 0:0:9] Wards off Nc7} 31. Nc5 Re8 32. h4 Rfe7 33. Reb1 Qc8 34. Rb8 (34. Bd6 $5 Re2 $8 35. Qf3 $14 )Qg4 35. Rxe8+ Rxe8 36. Rxa7 Bf4 $2 {[%emt 0:0:20][%mdl 8192] [#]} (36... Qd1+ $11 {and Black has nothing to worry.} 37. Kh2 Re1 38. Ra8+ Kf7 39. Ra7+ Kg8 40. Ra8+ Kg7 41. Ne6+ Kf7 (41... Rxe6 42. Qb4 g5 43. Qb7+ Kg6 44. Rg8+ Kf5 45. Qxh7+ Kg4 46. Qxh6 )42. Nd8+ Kg7 43. Ne6+ Kf7 (43... Rxe6 44. Qb4 g5 45. Qb7+ Kg6 46. Rg8+ Kf5 47. Qxh7+ Kg4 48. Qxh6 )44. Nd8+ Kg8 (44... Kg7 45. Ne6+ $11 )45. Ne6+ Kf7 )37. Nd7 $1 $18 Re6 (37... Qf5 $18 38. Qa5 Bxg3 39. fxg3 Qe6 )38. Bxf4 $2 (38. Qa5 {mates} Qd1+ 39. Kh2 Bxg3+ 40. fxg3 Qe2 41. Qd8+ Re8 42. Nxf6+ (42. Qxf6 Qe7 $18 )Kf8 43. Nxe8 (43. Qxe8+ Qxe8 44. Nxh7+ Kg8 $18 )Qxg2+ 44. Kxg2 Bf1+ 45. Kxf1 h6 46. Ng7# )Qxf4 $16 {[%emt 0:0:1] [#]} 39. Qg3 {[%emt 0:0:4] Dancing on a razor blade.} (39. g3 $1 $16 Qf5 40. Qa5 )Qxg3 $11 40. fxg3 {[%emt 0:0:0][%mdl 4096] Endgame. KRB-KRN} Bb5 41. Nc5 Re2 42. Rb7 Bc4 43. Nd7 Re6 44. Kf2 Kg7 $2 (44... Re2+ $11 45. Kf3 Re6 )45. Ne5+ $2 (45. Nc5+ $18 Kg8 46. Nxe6 )Kg8 46. Rb8+ Kg7 47. Rb7+ Kg8 48. Nd7 Bd3 49. Nc5 Re2+ 50. Kf3 Bc4 51. Nd7 Re6 52. Rb6 Kf7 53. Rb7 Re7 54. g4 Bd3 55. Nc5 {[%emt 0:0:2] Hoping for Rxe7+.} Be4+ 56. Kf2 $1 Rxb7 57. Nxb7 {[%emt 0:0:1] KB-KN} g5 $2 (57... Bc2 $11 )58. hxg5 $2 (58. Nd6+ $18 Ke6 59. Nxe4 dxe4 60. Ke3 gxh4 61. Kxe4 )fxg5 {[%emt 0:0:1] The position is equal.} 59. Nc5 {[%emt 0:0:1] White threatens Nxe4 and mate.} Bg6 60. Nd7 Ke7 61. Ne5 Be4 62. Kg3 Ke6 63. Kf2 Bg6 64. g3 Kd6 65. Ke3 Be8 66. Kd3 Kc7 67. Kc3 Kb6 68. Kb4 (68. Nf3 $5 h6 $8 69. Ne5 $11 )h6 69. Nd3 Bd7 70. Ne5 Be6 71. Ka4 Bc8 72. Kb4 $1 Be6 73. Ka4 Bc8 74. Kb4 {[%emt 0:0:2] Weighted Error Value: White=0.38/Black=0.30.  Loses game:     	---       	Black=3      Missed win:     	White=3     	---        Mistake:       	White=2     	Black=3      Inaccurate:     	White=4     	Black=5      OK:         	White=25    	Black=26     Best:        	White=5     	Black=3      Strong:       	White=3     	---} 1/2-1/2

[Event "Biel Challengers Blitz 2024"]
[White "Maurizzi,Marc`Andria"]
[Black "Bjerre,Jonas Buhl"]
[Site "Biel"]
[Round "6.3"]
[Annotator "TA"]
[Result "1-0"]
[Date "2024.07.21"]
[WhiteElo "2610"]
[BlackElo "2653"]
[PlyCount "75"]
[TimeControl "180+2"]

1. e4 e5 2. Nf3 Nc6 3. Bc4 Bc5 4. O-O Nf6 5. d3 O-O 6. Nbd2 a5 7. c3 d6 8. h3 {[%emt 0:0:2] The position is equal.} Be6 9. Bb5 Ba7 10. Re1 Ne7 11. d4 Ng6 12. Nf1 exd4 13. Nxd4 Bd7 14. Bd3 Re8 15. Ng3 d5 16. Bg5 h6 17. Bxf6 Qxf6 18. exd5 Rxe1+ 19. Qxe1 Nf4 20. Qe4 g6 {[%emt 0:0:9] [#] And now ...Bxd4 would win.} 21. Bc4 (21. Nge2 $11 {keeps the balance.} Nxe2+ 22. Bxe2 )Re8 $17 22. Qc2 Bxd4 23. cxd4 Qxd4 24. Rd1 Qc5 25. Ne4 Qe7 26. Ng3 h5 {[%emt 0:0:6] [#] aiming for ...h4.} 27. Rd4 Qf6 (27... Qg5 $11 {was preferrable.} 28. h4 Qxh4 )28. Qd2 $36 {[%emt 0:0:1][%csl LRa5,LRf4][%mdl 2048] White fights for an advantage.} g5 29. d6 (29. Ne4 $1 $14 Qf5 30. f3 (30. Nxg5 Qxg5 31. Qxf4 Qxf4 $11 ))cxd6 $2 (29... c5 $1 $11 30. Re4 Rxe4 31. Nxe4 Qe5 )30. Rxd6 $18 Be6 31. Bxe6 (31. Qxa5 $18 {Ne4 is the strong threat.} Kg7 32. Qb5 )Rxe6 $16 32. Rxe6 Qxe6 $18 {[%emt 0:0:8][%mdl 4096] Endgame. KQN-KQN. A mistake that costs the game.} (32... Nxe6 $16 {was worth a try.} 33. Nxh5 Qe5 )33. Qd8+ ({Much less strong is} 33. Qxa5 $6 Qe7 34. Nf5 Qf6 $18 )Kh7 {[%emt 0:0:8] ( -> ...Qe1+)} 34. Qxg5 Qe1+ 35. Kh2 Qxf2 $2 (35... Ne6 36. Qxh5+ Kg8 )36. Nf5 (36. Qxa5 $2 Qxg2# )Ne6 {[%emt 0:0:17] Inhibits Qg7+.} 37. Qh6+ Kg8 38. Ne7# {[%emt 0:0:1] Weighted Error Value: White=0.19 (very precise) /Black=0.39.  Loses game:     	---       	Black=2      Mistake:       	White=3     	Black=2      Inaccurate:     	---       	Black=4      OK:         	White=8     	Black=12     Best:        	White=6     	Black=4} 1-0

[Event "Biel Challengers Blitz 2024"]
[White "Maurizzi,Marc`Andria"]
[Black "Samunenkov,Ihor"]
[Site "Biel"]
[Round "7.1"]
[Annotator "RC"]
[Result "0-1"]
[Date "2024.07.21"]
[WhiteElo "2610"]
[BlackElo "2532"]
[PlyCount "174"]
[TimeControl "180+2"]

1. d4 Nf6 2. c4 e6 3. Nf3 d5 4. Nc3 c6 5. g3 Be7 6. Bg2 O-O 7. O-O a5 8. Bf4 dxc4 9. Ne5 Nd5 10. Nxc4 Nd7 11. Rc1 Nxf4 12. gxf4 Nf6 13. e3 Nd5 14. Kh1 Kh8 15. Ne4 a4 16. a3 Bd7 17. Qh5 Be8 18. Qh3 Rc8 19. Rg1 f5 20. Nc5 Rf6 21. Nxb7 Qc7 22. Nc5 Rh6 23. Nxe6 Rxe6 24. Qxf5 Rf6 25. Qd3 Qd8 26. Ne5 Rh6 27. Qf5 Rf6 28. Qd3 Bf8 29. Bf3 Rh6 30. Rg2 Nf6 31. Qc4 c5 32. d5 Bd6 33. Rcg1 Rc7 34. Nc6 Qd7 35. Rg3 Qf5 36. Ne5 Bxe5 37. fxe5 Qxe5 38. Qa6 Rd7 39. Qc8 Rh4 40. Qxc5 Qd6 41. Qxd6 Rxd6 42. Rxg7 Bg6 43. Ra7 Rd8 44. Rd1 Ne4 45. Kg1 Rg8 46. Kf1 Rxh2 47. Bxe4 Bxe4 48. Rf7 Rh1+ 49. Ke2 Rxd1 50. Kxd1 Bxd5 51. Rf5 Bb3+ 52. Ke2 Rc8 53. e4 Kg7 54. Ke3 Rc2 55. Ra5 Rxb2 56. Ra7+ Kg6 57. f4 h5 58. f5+ Kg5 59. Rg7+ Kf6 60. Rg6+ Ke5 61. Ra6 Rh2 62. Ra5+ Kf6 63. Kd4 Rd2+ 64. Ke3 Rd1 65. Ra6+ Ke5 66. Ra5+ Kd6 67. Ra6+ Kc5 68. Rh6 Bc2 69. f6 Rf1 70. Rxh5+ Kd6 71. Ra5 Ke6 72. e5 Rf5 73. Kd4 Rf4+ 74. Kc3 Bb3 75. Rb5 Rg4 76. Ra5 Rf4 77. Rc5 Bd5 78. Ra5 Kxe5 79. f7 Rxf7 80. Rxa4 Rf3+ 81. Kd2 Rh3 82. Ra7 Kd4 83. Re7 Rxa3 84. Ke2 Ra2+ 85. Kf1 Be4 86. Kg1 Ke3 87. Rg7 Ra1+ 0-1

[Event "Biel Challengers Blitz 2024"]
[White "Bjerre,Jonas Buhl"]
[Black "Vaishali,Rameshbabu"]
[Site "Biel"]
[Round "7.2"]
[Annotator "TA"]
[Result "1-0"]
[Date "2024.07.21"]
[WhiteElo "2653"]
[BlackElo "2489"]
[PlyCount "99"]
[TimeControl "180+2"]

1. e4 e5 2. Nf3 Nc6 3. Bb5 a6 4. Ba4 Nf6 5. O-O d6 6. Re1 Bd7 7. c3 g6 8. d4 Bg7 9. h3 {[%emt 0:0:1] C79: Spanische Partie (Russische Variante).} O-O 10. Bc2 Re8 11. a4 $5 {[%emt 0:0:16][%mdl 4] Eine vielversprechende Nebenvariante.} exd4 12. cxd4 Nb4 13. Nc3 c5 $146 ({Predecessor:} 13... Nxc2 14. Qxc2 c5 15. dxc5 dxc5 16. Be3 Qa5 17. Nd2 Be6 18. f4 c4 19. Nf3 Rad8 {1-0 Agmanov,Z (2460)-Kazhgaleyev,M (2490) KAZ-ch Astana 2023 (10)} )14. d5 Nxc2 15. Qxc2 b5 16. Bf4 Qb6 17. axb5 axb5 18. Rxa8 Rxa8 19. e5 dxe5 20. Nxe5 Bf5 21. Qb3 b4 22. g4 Bc2 23. Qxc2 bxc3 24. bxc3 Nxd5 25. Qe4 Rd8 $1 26. Bg3 Qe6 27. Rd1 Rd6 28. c4 Nc3 29. Qa8+ Bf8 30. Re1 Qf6 $2 ({Günstiger ist} 30... Rd2 $14 )31. Kh2 (31. Qa5 Nd1 32. Qa1 (32. Qxc5 Rd3 $18 )Nxf2 $18 )(31. Qa1 $142 )Rd8 (31... Qd8 $142 32. Qb7 Qe7 )32. Qa3 Nd1 33. Kg2 h5 34. gxh5 gxh5 {[%emt 0:0:1] [#]} 35. h4 $1 Bg7 (35... Bh6 $142 36. Qb3 (36. Qxc5 Bf4 $18 )Bf4 )36. Qb3 Qf5 $2 (36... Qe7 37. Nd3 Rxd3 38. Qb8+ Rd8 (38... Qf8 $2 39. Re8 $18 )39. Rxe7 Rxb8 40. Bxb8 Nb2 )37. Nf3 $2 (37. Rxd1 $18 Qe4+ (37... Rxd1 $2 38. Qxd1 Bf6 39. Qf3 $18 )38. Nf3 Rxd1 39. Qxd1 Qxc4 40. Qd8+ Bf8 41. Qg5+ Bg7 42. Qxh5 )Qd3 $2 (37... Nb2 $1 $11 {und Schwarz muss sich keine Sorgen machen.} )38. Qb6 Nc3 $2 (38... Rc8 {ist eine bessere Chance.} 39. Ng5 Nc3 )39. Ne5 $18 ({Nicht} 39. Qxc5 Ne4 40. Qc7 (40. Qxh5 Nxg3 41. Kxg3 Qxc4 $14 )Nxg3 $16 )Qd4 40. Qc7 $2 (40. Nc6 Na4 41. Qxd8+ Qxd8 42. Nxd8 )Ne4 $2 (40... Rf8 $18 41. Nd7 Ra8 )41. Qxf7+ Kh8 42. Qxh5+ Kg8 43. Qf7+ Kh8 44. Ng6+ (44. Nc6 $142 Qd2 45. Qh5+ (45. Rxe4 Rf8 46. Re8 Rxe8 47. Qxe8+ Kh7 48. Ne7 Qd3 49. Qg8+ Kh6 50. Qe6+ Kh7 )Qh6 46. Qxh6+ Bxh6 47. Nxd8 Nxg3 48. fxg3 )Kh7 $18 45. Be5 Qxf2+ 46. Qxf2 Nxf2 47. Kxf2 Rd2+ 48. Re2 Rd3 49. Bxg7 Kxg6 50. Be5 1-0

[Event "Biel Challengers Blitz 2024"]
[White "Donchenko,Alexander"]
[Black "Salem,A.R. Saleh"]
[Site "Biel"]
[Round "7.3"]
[Annotator "RC"]
[Result "1/2-1/2"]
[Date "2024.07.21"]
[WhiteElo "2639"]
[BlackElo "2638"]
[PlyCount "177"]
[TimeControl "180+2"]

1. c4 c5 2. g3 g6 3. Bg2 Bg7 4. Nc3 Nc6 5. Nf3 e6 6. d4 cxd4 7. Nb5 d5 8. cxd5 exd5 9. O-O Nf6 10. Nbxd4 O-O 11. Bf4 Ne4 12. Nxc6 bxc6 13. Be5 Re8 14. Bxg7 Kxg7 15. Rc1 Qf6 16. Qd4 Bd7 17. Rfd1 a5 18. Qxf6+ Kxf6 19. Nd4 Ra6 20. Bxe4 Rxe4 21. e3 a4 22. Rc5 Ke7 23. Rdc1 Kd6 24. Kf1 Re8 25. R5c2 Rb8 26. h4 Rbb6 27. Ke2 Ra5 28. b4 axb3 29. Nxb3 Ra3 30. Kf3 Bf5 31. Rd2 Ra4 32. Nc5 Ra5 33. Nb3 Ra4 34. Nc5 Rab4 35. Nb3 Ra6 36. Nc5 Ra7 37. Nb3 Bd7 38. Nc5 Bg4+ 39. Kg2 Rb5 40. Nb3 c5 41. Rdc2 c4 42. Nd4 Rb6 43. f3 Bd7 44. Ne2 Ba4 45. Rd2 Rab7 46. Nc3 Rb2 47. Rxb2 Rxb2+ 48. Kh3 Bd7+ 49. g4 h5 50. Kg3 hxg4 51. fxg4 Ke5 52. h5 gxh5 53. gxh5 Bf5 54. h6 Rb6 55. Rd1 Bd3 56. Rh1 Bh7 57. Rh5+ f5 58. Rh4 Ra6 59. Rd4 Bg8 60. Rh4 Bh7 61. Rd4 Bg8 62. h7 Bxh7 63. Rxd5+ Ke6 64. Rc5 Ra3 65. Rxc4 Ke5 66. Kf2 Bg8 67. Rc5+ Kd6 68. Rc8 Ke7 69. Rxg8 Rxc3 70. Ra8 Rc4 71. Ra6 f4 72. Kf3 fxe3 73. Kxe3 Kd7 74. Kd3 Rh4 75. Rb6 Kc7 76. Rb3 Rh3+ 77. Kc4 Rh4+ 78. Kc3 Rh3+ 79. Kb2 Rh2+ 80. Ka3 Rh6 81. Rb5 Kc6 82. Ka4 Rh8 83. Kb4 Rh4+ 84. Ka5 Rh8 85. a4 Ra8+ 86. Kb4 Ra7 87. Ka3 Rh7 88. Rb3 Rb7 89. Rxb7 1/2-1/2

[Event "Biel Challengers Blitz 2024"]
[White "Samunenkov,Ihor"]
[Black "Donchenko,Alexander"]
[Site "Biel"]
[Round "8.1"]
[Annotator "TA"]
[Result "1/2-1/2"]
[Date "2024.07.21"]
[WhiteElo "2532"]
[BlackElo "2639"]
[PlyCount "118"]
[TimeControl "180+2"]

1. d4 Nf6 2. c4 g6 3. Nc3 Bg7 4. e4 d6 5. h3 O-O 6. Be3 Nc6 {[%emt 0:0:0] E71: King's Indian: 4 e4 d6 5 h3.} 7. d5 Ne5 8. f4 Ned7 9. Nge2 c6 10. Ng3 a6 11. a4 $146 ({Predecessor:} 11. Be2 cxd5 12. cxd5 b5 13. O-O Qa5 14. Rc1 Bb7 15. Qd2 Rac8 16. a3 Rfd8 17. Bd3 e6 18. dxe6 fxe6 19. f5 gxf5 20. exf5 e5 21. Bb1 d5 {½-½ Druska,J (2478)-Manik,M (2319) Skalica op-A 2023 (6)} )cxd5 12. cxd5 b6 13. Be2 Bb7 14. O-O Rc8 15. Qd2 Nc5 16. Bd1 e6 17. f5 exf5 18. exf5 Qe8 19. Bg5 Qe5 20. Bf4 Nfe4 21. Ngxe4 Nxe4 22. Qe3 (22. Bxe5 {simplifies} Nxd2 23. Bxg7 Kxg7 24. f6+ )Rxc3 23. bxc3 Qxd5 24. Bf3 (24. Qxb6 $2 Bxc3 25. Be3 Nd2 $19 (25... Bxa1 $2 26. Bb3 $19 ))gxf5 25. Qxb6 Bxc3 26. Rad1 Qc5+ 27. Qxc5 dxc5 28. Bh6 ({Better is} 28. Be3 $16 )Rc8 29. Rd7 Bc6 30. Re7 Bd4+ 31. Kh2 Bf6 $1 32. Ra7 Be5+ 33. g3 Nxg3 34. Bxc6 Nxf1+ 35. Kg1 Ng3 (35... Rxc6 36. Ra8+ )36. Bd5 Bc7 (36... c4 37. Rxf7 Kh8 38. Be6 $14 )(36... Kh8 $11 {keeps the balance.} )37. Bb7 (37. Bc4 $1 $16 Be5 38. Rxf7 (38. Bxf7+ Kh8 $16 ))Rd8 $11 38. Bxa6 Bb8 39. Rb7 (39. Re7 $5 Bd6 $8 40. Ra7 $11 )Ne4 40. Bf1 Be5 41. Kg2 Ra8 42. Bb5 Nd6 43. Rd7 (43. Re7 $1 $11 {was the only way to keep the balance.} Nxb5 44. Rxe5 )Nxb5 $1 $17 44. axb5 Rb8 (44... c4 $17 {...c3 is the strong threat.} 45. b6 c3 )45. b6 (45. Kf3 $1 $15 )Bg7 ({Weaker is} 45... Rxb6 46. Rd8# )({Black should play} 45... c4 $1 $17 {[%cal Rc4c3] Strongly threatening ...c3!} 46. Kf3 c3 (46... Rxb6 47. Rd8# ))46. Bxg7 Kxg7 47. b7 Kf6 48. Rc7 Ke6 49. Kf3 Kd6 50. Rxf7 Kc6 51. Rxh7 Rxb7 $2 (51... c4 $11 52. Ke3 Rd8 (52... Rxb7 53. Rxb7 Kxb7 54. h4 Kc7 55. h5 Kd6 56. h6 c3 57. Kd3 ))52. Rxb7 Kxb7 {[%emt 0:0:1] [#]} 53. h4 $1 c4 {[%emt 0:0:6] [#]} 54. h5 $2 (54. Ke3 $1 {mates} Kb6 55. h5 c3 56. Kd3 f4 57. Kxc3 f3 58. Kd3 Kc6 59. h6 )c3 $11 55. Ke2 f4 $1 56. h6 f3+ 57. Kxf3 c2 58. h7 c1=Q 59. h8=Q Qc6+ 1/2-1/2

[Event "Biel Challengers Blitz 2024"]
[White "Salem,A.R. Saleh"]
[Black "Bjerre,Jonas Buhl"]
[Site "Biel"]
[Round "8.2"]
[Annotator "TA"]
[Result "1-0"]
[Date "2024.07.21"]
[WhiteElo "2638"]
[BlackElo "2653"]
[PlyCount "69"]
[TimeControl "180+2"]

1. d4 Nf6 2. c4 e6 3. Nc3 Bb4 4. a3 Bxc3+ 5. bxc3 c5 6. f3 Nc6 7. e4 d6 8. Be3 b6 9. Bd3 Na5 10. Ne2 Ba6 11. O-O Nd7 {[%emt 0:0:15] Schwarz steht etwas besser.} (11... Bxc4 $2 12. Bxc4 Nxc4 13. Qa4+ Qd7 14. Qxc4 $18 )(11... Nxc4 12. Qa4+ Nd7 (12... Qd7 $2 13. Qxa6 d5 14. dxc5 $18 )13. Bxc4 $18 )12. f4 Bxc4 13. f5 e5 14. f6 Bxd3 $2 (14... g6 $1 $15 {bleibt weiter vorne.} )15. fxg7 $18 Rg8 16. Qxd3 Rxg7 17. Ng3 Rg6 {[%emt 0:0:11] [#]} 18. Rf3 $2 ({Der einzige Zug:} 18. dxc5 $1 $18 {Zielt auf Qd5 ab.} Rc8 19. cxd6 )Qc7 19. Raf1 {[%emt 0:0:12] Weiß steht aktiver.} f6 ({Besser ist} 19... cxd4 $14 20. cxd4 Qc4 )20. Nf5 $16 {[%emt 0:0:3] dxc5 wäre nun fies.} O-O-O 21. Ne7+ Kb7 (21... Kb8 $16 )22. Nxg6 hxg6 23. d5 c4 24. Qe2 b5 $2 (24... Rh8 25. Rh3 Rxh3 )25. Rh3 $18 Nc5 26. Qg4 (26. Rxf6 Nxe4 27. Rf1 (27. Rxg6 Nxc3 28. Qg4 Rd7 $18 )Rd7 $18 (27... Nxc3 $2 {ist das falsche Schlagen.} 28. Qb2 $18 ))Qf7 (26... g5 $142 27. Rxf6 Rd7 )27. Bxc5 dxc5 28. Rh6 Rg8 29. Qh4 f5 30. Rh7 Rg7 31. Rxg7 Qxg7 32. exf5 gxf5 33. Rxf5 {[%emt 0:0:0] [#] Droht stark Qh5.} e4 34. Qxe4 (34. Qf4 $142 a6 35. Rf7+ (35. Qxe4 Ka7 $18 )Qxf7 36. Qxf7+ Kb6 37. d6 Nb7 38. Qc7+ Ka7 39. d7 )Nb3 35. Qe6 {[%emt 0:0:23] Gewichteter Fehlerwert: Weiß=0.18 (sehr präzise) /Schwarz=1.08.  Verlustzug:     	---       	Schwarz=1     Fehler:       	Weiß=1     	Schwarz=4     Ungenau:       	Weiß=1     	Schwarz=2     OK:         	Weiß=5     	Schwarz=7     Bester:       	Weiß=4     	---} 1-0